 Dungeon Crawl Stone Soup version 0.31.0-11-ge490571c62 (webtiles) character file.

Game seed: 1336999659564109205

870 whisky0809 the Trooper (level 7, -5/56 (70) HPs)
             Began as a Troll Berserker on Feb 5, 2024.
             Was a Priest of Trog.
             Slain by Maggie
             ... wielding a +2 glaive of draining
              (8 damage)
             ... on level 6 of the Dungeon.
             The game lasted 00:43:26 (5434 turns).

whisky0809 the Trooper (Troll Berserker)            Turns: 5434, Time: 00:43:32

HP:   -5/56 (70)    AC:  6    Str: 28    XL:     7   Next: 73%
MP:   6/6           EV: 10    Int:  3    God:    Trog [***...]
Gold: 82            SH:  0    Dex:  9    Spells: 6/6 levels left

rFire   . . .        I - +3 long sword (holy)
rCold   . . .        (no shield)
rNeg    . . .        a - +2 animal skin
rPois   .            (helmet restricted)
rElec   .            (no cloak)
rCorr   .            (gloves unavailable)
SInv    .            (boots unavailable)
Will    .....        (no amulet)
Stlth   +            l - ring of flight
HPRegen 1.09/turn    (no ring)
MPRegen 0.10/turn

%: no passive effects
@: flying, mesmerised, heavily drained
A: large, unfitting armour, claws 3, regeneration 1, shaggy fur 1, tough skin 1
a: Renounce Religion, Berserk, Trog's Hand


You were on level 6 of the Dungeon.
You worshipped Trog.
Trog was most pleased with you.
You visited 1 branch of the dungeon, and saw 6 of its levels.

You collected 274 gold pieces.
You spent 192 gold pieces at shops.

Inventory:

Hand Weapons
 f - a +0 dagger
 i - a +0 dagger
 k - a +0 club
 n - a +1 dagger of venom
 t - a +1 flail of holy wrath
 w - a +0 war axe
 C - a +0 hand axe of flaming
 D - a +2 mace of holy wrath
 I - a +3 long sword of holy wrath (weapon)
 J - a +3 dagger of venom
Missiles
 b - 15 stones (quivered)
 j - 5 large rocks
 m - 20 poisoned darts
 z - 2 throwing nets
 B - 11 boomerangs
Armour
 a - a +2 animal skin (worn)
 c - a +0 robe
 v - a +0 robe
 A - a +0 chain mail of fire resistance
Jewellery
 l - a ring of flight (left claw)
Talismans
 p - a storm talisman
 E - a flux talisman
Wands
 h - a wand of charming (12)
 s - a wand of polymorph (15)
Scrolls
 e - 2 scrolls of noise
 g - a scroll of poison
 x - 2 scrolls of teleportation
 y - a scroll of blinking {unknown}
Potions
 d - a potion of cancellation
 o - a potion of curing
 q - 2 potions of heal wounds
 r - a potion of resistance
 u - a potion of enlightenment
 F - a potion of attraction
 G - a potion of brilliance {unknown}
 H - a potion of might {unknown}


   Skills:
 + Level 4.3 Fighting
 + Level 1.0 Short Blades
 + Level 1.8(3.0) Axes
 + Level 4.0(4.3) Maces & Flails
 + Level 4.2 Dodging
 + Level 0.4 Stealth
 + Level 4.0 Unarmed Combat


You had 6 spell levels left.
You didn't know any spells.
Your spell library contained the following spells:

 Spells                   Type           Power      Damage    Failure   Level
 Lesser Beckoning         Tloc           0%         N/A       67%         2
 Fugue of the Fallen      Necr           0%         N/A       88%         3
 Gell's Gravitas          Tloc           0%         N/A       88%         3
 Ozocubu's Armour         Ice            0%         N/A       88%         3
 Teleport Other           Tloc           0%         N/A       88%         3
 Tukima's Dance           Hex            0%         N/A       88%         3
 Manifold Assault         Tloc           0%         N/A       99%         4
 Passage of Golubria      Tloc           0%         N/A       99%         4
 Yara's Violent Unravell  Hex/Alch       0%         3d3       100%        5


Dungeon Overview and Level Annotations

Branches:
Dungeon (6/15)             Temple (0/1) D:5

Altars:
Fedhas
Kikubaaqudgha
Ru
Zin

Shops:
D:3 *   D:4 (

Annotations:
D:6 Maggie


Innate Abilities, Weirdness & Mutations

You are too large for most types of armour.
You have claws for hands.
Your natural rate of healing is unusually fast.
You are covered in fur. (AC +1)
You have tough skin. (AC +1)


Message History

You are too injured to fight recklessly!
You are too injured to fight recklessly!
You are too injured to fight recklessly!
You are too injured to fight recklessly!
You are too injured to fight recklessly!
You hit Maggie.
Maggie is moderately wounded.
Maggie hits you with a +2 glaive of draining!
You feel drained.
* * * LOW HITPOINT WARNING * * *
You feel much better.
Maggie hits you with a +2 glaive of draining!!
* * * LOW HITPOINT WARNING * * *
You feel drained.
* * * LOW HITPOINT WARNING * * *
You feel much better.
Maggie casts a spell.
Maggie attempts to bespell you!
You are mesmerised by Maggie!
You barely miss Maggie. Your claw misses Maggie.
Maggie is moderately wounded.
Maggie closely misses you.
Maggie hits you with a +2 glaive of draining!
You feel drained.
You barely miss Maggie.
Maggie is moderately wounded.
Maggie barely misses you.
You hit Maggie.
Maggie is moderately wounded.
Maggie hits you with a +2 glaive of draining!
* * * LOW HITPOINT WARNING * * *
You feel drained.
You barely miss Maggie.
Maggie is moderately wounded.
Maggie practices a pose.
Maggie gestures at you while chanting. The bolt of fire hits you!
* * * LOW HITPOINT WARNING * * *
Maggie hits you with a +2 glaive of draining!
You die...

# . .# ..#
######.# .#..
#...<..#
.....#.##.######
>..............#
##...@..####.#
#....#@####
#.#.... #.## ...
###


You could see Maggie (mesmerising).

Vanquished Creatures
  Sigmund (D:5)
  Edmund (D:5)
  Duvessa (D:5)
  A scorpion (D:5)
  Dowan (D:5)
  A bombardier beetle (D:2)
  2 hounds (D:5)
  An orc priest (D:5)
  A sleepcap (D:5)
  An iguana (D:5)
  Ijyb (D:5)
  An orc wizard (D:5)
  Robin (D:3)
  5 adders
  2 ufetubi (D:5)
  A dart slug (D:2)
  A ribbon worm (D:2)
  19 orcs
  5 bats
  3 endoplasms
  2 giant cockroaches (D:2)
  13 goblins
  10 hobgoblins
  12 jackals
  3 quokkas
  4 ball pythons
  2 frilled lizards (D:2)
  6 kobolds
  2 rats
104 creatures vanquished.

Notes
Turn   | Place    | Note
-------+----------+-------------------------------------------
     0 | D:1      | whisky0809 the Troll Berserker began the quest for the Orb.
     0 | D:1      | Reached XP level 1. HP: 22/22 MP: 0/0
   484 | D:1      | Reached XP level 2. HP: 29/29 MP: 1/1
   764 | D:1      | Found a faded altar of an unknown god.
  1709 | D:2      | Reached XP level 3. HP: 36/36 MP: 2/2
  1842 | D:2      | Reached XP level 4. HP: 35/44 MP: 3/3
  1981 | D:2      | Reached ** piety under Trog
  2695 | D:3      | Found Zin's Purification Station.
  2698 | D:3      | Found a glowing silver altar of Zin.
  2824 | D:3      | Noticed Robin
  2851 | D:3      | Killed Robin
  2852 | D:3      | Reached skill level 1 in Short Blades
  3078 | D:3      | Found a sacrificial altar of Ru.
  3174 | D:3      | Found an ancient bone altar of Kikubaaqudgha.
  3186 | D:3      | Reached XP level 5. HP: 42/53 MP: 4/4
  3711 | D:4      | Reached skill level 1 in Axes
  3712 | D:4      | Found Jehyk's Antique Weapon Emporium.
  3731 | D:4      | Bought a runed mace for 192 gold pieces
  4180 | D:5      | Entered Level 5 of the Dungeon
  4208 | D:5      | Noticed Ijyb
  4220 | D:5      | Killed Ijyb
  4221 | D:5      | Reached skill level 1 in Maces & Flails
  4270 | D:5      | Noticed Edmund
  4373 | D:5      | Killed Edmund
  4374 | D:5      | Reached XP level 6. HP: 35/61 MP: 5/5
  4401 | D:5      | Reached *** piety under Trog
  4500 | D:5      | Noticed Duvessa
  4500 | D:5      | Noticed Dowan
  4513 | D:5      | Killed Duvessa
  4515 | D:5      | Found a staircase to the Ecumenical Temple.
  4549 | D:5      | Killed Dowan
  4650 | D:5      | Reached XP level 7. HP: 63/68 MP: 6/6
  4782 | D:5      | Noticed Sigmund
  4800 | D:5      | Killed Sigmund
  4816 | D:5      | Found a blossoming altar of Fedhas.
  5418 | D:6      | Noticed Maggie
  5434 | D:6      | Slain by Maggie

Illustrated notes

Levels and vault maps discovered:
D:1:      dpeg_arrival_arbitrary_a, layout_basic, basic_ecumenical_altar,
          chequers_serial_rivers_small_b
D:2:      layout_loops_corners
D:3:      layout_rooms, mainiacjoe_overflow_six_doors_small, zin_purify,
          nicolae_ru_sacrificial_ziggurat, corner_web_ring, minmay_unequal,
          uniq_robin
D:4:      layout_basic, serial_shops, shop, nicolae_eternal_life,
          minmay_misc_feat_rugged, minmay_misc_feat_room, minmay_fountain_box,
          grunt_decor_arrowhead
D:5:      layout_loops_corners, fedhas_altar_1, temple_pool_b,
          minmay_quadrilaterals, uniq_duvessa, uniq_edmund, uniq_ijyb,
          uniq_sigmund
D:6:      layout_basic, grunt_gozag_breadcrumbs, vehumet_statue,
          uniq_blork_the_orc, uniq_maggie, uniq_eustachio, uniq_grinder

Skill      XL: |  1  2  3  4  5  6  7 |
---------------+----------------------+-----
Dodging        | 3 4 |  4.2
Fighting       | 3 4 |  4.3
Short Blades   | 1 |  1.0
Axes           | 1 |  1.8
Maces & Flails | 1 2 4 |  4.0
Unarmed Combat | 4 |  4.0
Stealth        | |  0.4

Action                     |  1- 3 |  4- 6 |  7- 9 || total
---------------------------+-------+-------+-------++-------
  Melee: Unarmed           |    24 |    19 |       ||    43
         Short sword       |    47 |       |       ||    47
         Club              |    28 |       |       ||    28
         Punch             |     1 |     6 |     3 ||    10
         Dagger            |    10 |    28 |       ||    38
         War axe           |       |   100 |       ||   100
         Mace              |       |    78 |    43 ||   121
         Long sword        |       |       |    36 ||    36
  Throw: Stone             |       |       |     1 ||     1
    Use: Scroll            |       |    11 |     4 ||    15
         Potion            |       |     3 |     2 ||     5
 Armour: Animal skin       |    76 |   208 |    76 ||   360
         Skin              |       |     6 |       ||     6
  Dodge: Dodged            |    70 |   143 |    43 ||   256
